 Dungeon Crawl Stone Soup version 0.23.1 (webtiles) character file.

Game seed: 1435464084569104295

2967 LostNumber the Fighter (level 9, -5/75 HPs)
             Began as a Demonspawn Wizard on Mar 4, 2019.
             Was a Follower of Ashenzari.
             Splashed by an acid dragon's acid (9 damage)
             ... on level 8 of the Dungeon.
             The game lasted 00:21:28 (7698 turns).

LostNumber the Fighter (Demonspawn Wizard)          Turns: 7698, Time: 00:21:29

Health: -5/75      AC:  5    Str: 14    XL:     9   Next: 52%
Magic:  0/16       EV: 12    Int: 27    God:    Ashenzari [*.....]
Gold:   715        SH:  4    Dex:  8    Spells: 7/18 levels left

rFire    + + .     SeeInvis .   s - +5 spear "Bevocs" {protect, rN+ Str+3 Int+2 Dex-3}
rCold    . . .     Gourm    .   (no shield)
rNeg     + . .     Faith    .   h - +0 ring mail
rPois    .         Spirit   +   b - +0 hat
rElec    .         Reflect  .   (no cloak)
rCorr    .         Harm     .   (no gloves)
MR       .....                  q - +0 pair of boots
Stlth    +.........             f - amulet of guardian spirit (curse)
HPRegen  0.22/turn              i - ring of protection from fire
MPRegen  0.15/turn              o - +5 ring of intelligence (curse)

@: about to teleport, corroded, protection aura, very slightly contaminated
A: antennae 2, large bone plates 1, fire resistance 1, flame cloud immunity
a: Curse Item, Scrying, Renounce Religion


You were on level 8 of the Dungeon.
You worshipped Ashenzari.
Ashenzari was aware of your devotion.
You were not hungry.

You visited 1 branch of the dungeon, and saw 8 of its levels.
You also visited: Ossuary.

You collected 715 gold pieces.

Inventory:

Hand Weapons
 d - a +1 short sword
   (You took it off a kobold on level 1 of the Dungeon)
 s - the +5 spear "Bevocs" (weapon) {protect, rN+ Str+3 Int+2 Dex-3}
   (You found it on level 5 of the Dungeon)

   It protects the one who uses it against injury (+AC on strike).
   It affects your strength (+3).
   It affects your intelligence (+2).
   It affects your dexterity (-3).
   It protects you from negative energy.
Missiles
 G - a throwing net (quivered) {!f}
Armour
 a - a +0 robe
 b - a +0 hat (worn)
 h - a +0 ring mail (worn)
   (You found it on level 1 of the Dungeon)
 q - a +0 pair of boots (worn)
   (You found it on level 4 of the Dungeon)
 H - the +2 scale mail "Naeme" {Dex+4}
   (You found it on level 7 of the Dungeon)

   It affects your dexterity (+4).
Magical Staves
 B - an uncursed staff of energy {!a}
   (You found it on level 7 of the Dungeon)
Jewellery
 f - a cursed amulet of guardian spirit (around neck)
   (You found it on level 3 of the Dungeon)
 i - a ring of protection from fire (left hand)
   (You found it on level 4 of the Dungeon)
 k - an uncursed ring of stealth
   (You found it on level 1 of the Dungeon)
 o - a cursed +5 ring of intelligence (right hand)
   (You found it on level 3 of the Dungeon)
Wands
 p - a wand of enslavement (2)
   (You found it on level 2 of the Dungeon)
Scrolls
 c - 3 scrolls of fog
 r - 3 scrolls of magic mapping
 t - 3 scrolls of enchant armour
 y - 2 scrolls of remove curse {@r2}
 A - a scroll of enchant weapon
 E - 2 scrolls of blinking
 I - a scroll of immolation {unknown}
 J - 2 scrolls of amnesia
 K - 2 scrolls of teleportation {@r4}
Potions
 g - 4 potions of agility
 j - 4 potions of heal wounds {@q2}
 l - 4 potions of lignification {!q}
 m - 9 potions of curing {@q1}
 n - 2 potions of cancellation {unknown}
 u - 2 potions of mutation {unknown}
 v - 2 potions of brilliance
 w - a potion of magic {unknown}
 x - 3 potions of resistance
 z - a potion of haste {@q3}
 C - a potion of ambrosia {unknown}
 D - 2 potions of might {unknown}
 F - 2 potions of flight
Comestibles
 e - 12 rations {!d}
 L - a chunk of flesh


   Skills:
 * Level 8.5 Fighting
 + Level 5.3 Dodging
 - Level 1.7 Stealth
 - Level 5.0 Spellcasting
 - Level 5.0 Conjurations
 - Level 2.0 Summonings
 - Level 2.0 Translocations
 - Level 2.0 Fire Magic
 - Level 2.0 Air Magic
 - Level 2.0 Poison Magic


You had 7 spell levels left.
You knew the following spells:

 Your Spells              Type           Power        Failure   Level  Hunger
a - Magic Dart            Conj           ####         1%          1    None
b - Blink                 Tloc           N/A          10%         2    None
d - Conjure Flame         Conj/Fire      ####....     11%         3    #......
f - Mephitic Cloud        Conj/Pois/Air  ###.....     13%         3    #......
x - Call Imp              Summ           ###.....     10%         2    None

Your spell library contained the following spells:

 Spells                   Type           Power        Failure   Level  Hunger
 Slow                     Hex            #.......     22%         2    None


Dungeon Overview and Level Annotations

Branches:
Dungeon (8/15)             Temple (0/1) D:7
   Lair: D:8-11

Altars:
Ashenzari
Dithmenos
Hepliaklqana
Nemelex Xobeh


Innate Abilities, Weirdness & Mutations

You have a pair of antennae on your head.
You are partially covered in large bone plates. (SH +4)
Your flesh is heat resistant. (rF+)
You are immune to clouds of flame.


Message History

You barely miss the acid dragon.
The adder hisses angrily.
The acid dragon bites you but does no damage.
You block the acid dragon's attack.
Unknown command.
Your crimson imp blinks!
The acid dragon spits acid at you.
The splash of acid hits you but does no damage.
The acid corrodes you!
You are splashed with acid!
You hear an angry hiss. x2
You can't see any susceptible monsters within range! (Use Z to cast anyway.) Unknown command.
Unknown command.
Unknown command.
A leopard gecko comes into view.
Unknown command.
Your crimson imp blinks!
The acid dragon is engulfed in blazing flames.
The acid dragon bites you! The acid dragon claws you.
Your crimson imp blinks!
Unknown command.
Your ring mail prevents you from hitting the acid dragon.
An adder zombie comes into view.
The acid dragon is engulfed in blazing flames.
The acid dragon bites you! The acid dragon barely misses you.
You hit the acid dragon but do no damage.
Your weapon exudes an aura of protection.
The acid dragon is engulfed in blazing flames.
The acid dragon bites you.
The acid dragon claws you but does no damage.
You hit the acid dragon but do no damage.
The acid dragon spits acid at you. The splash of acid hits you!
* * * LOW HITPOINT WARNING * * *
The acid corrodes you!
You are splashed with acid!
* * * LOW HITPOINT WARNING * * *
You hear a shout!
Aim: an acid dragon (severely wounded, catching its breath, chance to defeat MR: 46%)
The acid dragon resists with some effort.
The acid dragon completely misses you. The acid dragon claws you.
* * * LOW HITPOINT WARNING * * *
Okay, then.
Unknown command.
As you read the scroll of teleportation {@r4}, it crumbles to dust.
You feel strangely unstable. The acid dragon spits acid at you.
The splash of acid hits you!
* * * LOW HITPOINT WARNING * * *
You are splashed with acid!
You die...

#. ######## #. ####
#......# #. #.. +......#
#. #####.## #......# #.
#......# #......# #.
#####...?..####....).# #.
.................#######.
.#...Z.@...###..........
....###D###..##.......)..
... #h#{##..#.......).. .
...{ #............ ##.##
##.....####.. #.#
#.###..# #.. .S. .##.#
##.###.. .⌠. ... #..##..
... ##.#####.##..


You could see an acid dragon, an adder, an adder zombie and a jackal.

Vanquished Creatures
  Pikel (D:5)
  A hippogriff (D:7)
  A basilisk (D:8)
  Menkaure (D:6)
  An orc warrior (D:8)
  A slave (D:5)
  4 ogres
  2 bullfrogs
  2 scorpions
  3 killer bees (D:7)
  A bullfrog zombie (D:5)
  2 crimson imps (D:7)
  2 hounds
  2 human zombies (D:4)
  An iguana (D:5)
  Jessica (D:3)
  A human skeleton (D:4)
  2 orc wizards (D:6)
  2 worker ants
  A mummy (Ossuary)
  A hound skeleton (D:4)
  A worker ant zombie (D:7)
  8 adders
  4 gnolls (D:5)
  An ooze (D:1)
  2 worms (D:3)
  2 dart slugs
  8 leopard geckos
  3 orcs
  4 giant cockroaches
  5 goblins (D:1)
  A hobgoblin (D:2)
  10 jackals
  8 bats
  3 frilled lizards
  2 hobgoblin zombies (Ossuary)
  12 kobolds
  3 kobold zombies (Ossuary)
  2 orc skeletons (D:4)
  4 orc zombies
  6 rats
122 creatures vanquished.

Vanquished Creatures (collateral kills)
  A hippogriff (D:8)
  Sigmund (D:5)
  A hungry ghost (D:7)
  2 ogres
  A necrophage (D:7)
  A centaur (D:5)
  A scorpion (D:4)
  A killer bee (D:7)
  3 jellies
  A centaur skeleton (D:7)
  A hound (D:5)
  A bullfrog skeleton (D:4)
  An orc wizard (D:6)
  2 worker ants
  7 mummies (Ossuary)
  An adder (D:7)
  A shadow imp (D:6)
  A leopard gecko (D:5)
  2 jackals
  A quokka (D:7)
  A leopard gecko skeleton (D:8)
32 creatures vanquished.

Grand Total: 154 creatures vanquished

Notes
Turn   | Place    | Note
-------+----------+-------------------------------------------
     0 | D:1      | LostNumber the Demonspawn Wizard began the quest for the
                  | Orb.
     0 | D:1      | Reached XP level 1. HP: 13/13 MP: 4/4
   161 | D:1      | Gained mutation: You are partially covered in large bone
                  | plates. (SH +4) [demonic ancestry]
   161 | D:1      | Reached XP level 2. HP: 20/20 MP: 0/6
   437 | D:1      | Learned a level 2 spell: Call Imp
   440 | D:1      | Learned a level 2 spell: Blink
   460 | D:1      | Reached skill level 1 in Fighting
   556 | D:1      | Gained mutation: You have a pair of small antennae on your
                  | head. [demonic ancestry]
   556 | D:1      | Reached XP level 3. HP: 26/26 MP: 4/7
  1011 | D:2      | Learned a level 3 spell: Conjure Flame
  1238 | D:2      | Found a shattered altar of Ashenzari.
  1244 | D:2      | Became a worshipper of Ashenzari the Shackled
  1280 | D:2      | Reached skill level 1 in Translocations
  1352 | D:2      | Found a sparkling altar of Nemelex Xobeh.
  1414 | D:2      | Found a hazy altar of Hepliaklqana.
  1788 | D:3      | Gained mutation: You have a pair of antennae on your head.
                  | [demonic ancestry]
  1788 | D:3      | Reached XP level 4. HP: 32/32 MP: 6/9
  2162 | D:3      | Noticed Jessica
  2254 | D:3      | Killed Jessica
  2307 | D:3      | Reached skill level 1 in Fire Magic
  2548 | D:4      | Noticed an ogre
  2559 | D:4      | Killed an ogre
  2559 | D:4      | Reached XP level 5. HP: 25/38 MP: 1/10
  2876 | D:4      | Reached skill level 2 in Fighting
  2889 | D:4      | Found a sand-covered staircase.
  2894 | Ossuary  | Entered an ossuary
  3467 | Ossuary  | Gained mutation: Your flesh is heat resistant. (rF+)
                  | [demonic ancestry]
  3467 | Ossuary  | Reached XP level 6. HP: 39/44 MP: 1/11
  4098 | D:4      | Learned a level 3 spell: Mephitic Cloud
  4464 | D:4      | Reached skill level 1 in Air Magic
  4464 | D:4      | Reached skill level 1 in Poison Magic
  4701 | D:4      | Reached XP level 7. HP: 51/51 MP: 6/13
  4848 | D:4      | Reached skill level 3 in Fighting
  5277 | D:5      | Entered Level 5 of the Dungeon
  5345 | D:5      | Got the spear "Bevocs" {protect, rN+ Str+3 Int+2 Dex-3}
  5346 | D:5      | Identified the +5 spear "Bevocs" {protect, rN+ Str+3 Int+2
                  | Dex-3} (You found it on level 5 of the Dungeon)
  5451 | D:5      | Reached * piety under Ashenzari
  5558 | D:5      | Noticed Pikel
  5574 | D:5      | Killed Pikel
  5574 | D:5      | Reached skill level 4 in Fighting
  5574 | D:5      | Reached XP level 8. HP: 61/61 MP: 5/15
  5637 | D:5      | Found a shattered altar of Ashenzari.
  5689 | D:5      | Reached skill level 5 in Spellcasting
  5713 | D:5      | Noticed Sigmund
  5718 | D:5      | Killed Sigmund
  5718 | D:5      | Reached skill level 5 in Fighting
  5952 | D:6      | Reached skill level 5 in Conjurations
  6087 | D:6      | Noticed Menkaure
  6097 | D:6      | Killed Menkaure
  6097 | D:6      | Reached skill level 6 in Fighting
  6851 | D:7      | Gained mutation: You are immune to clouds of flame.
                  | [demonic ancestry]
  6851 | D:7      | Reached XP level 9. HP: 71/71 MP: 16/16
  6870 | D:7      | Reached skill level 7 in Fighting
  6949 | D:7      | Got the uncursed scale mail "Naeme" {Dex+4}
  6976 | D:7      | Found a staircase to the Ecumenical Temple.
  7018 | D:7      | Found a sparkling altar of Nemelex Xobeh.
  7518 | D:8      | Reached skill level 8 in Fighting
  7518 | D:8      | Reached skill level 5 in Dodging
  7534 | D:8      | Found a shadowy altar of Dithmenos.
  7698 | D:8      | Splashed by an acid dragon's acid

Skill      XL: |  1  2  3  4  5  6  7  8  9 |
---------------+----------------------------+-----
Conjurations   | 2 3 4 5 |  5.0
Fighting       | 1 2 4 6 8 |  8.5
Translocations | 1 2 |  2.0
Fire Magic     | 1 2 |  2.0
Summonings     | 2 |  2.0
Spellcasting   | 4 5 |  5.0
Air Magic      | 1 2 |  2.0
Poison Magic   | 1 2 |  2.0
Dodging        | 2 4 5 |  5.3
Stealth        | |  1.7

Action                   |  1- 3 |  4- 6 |  7- 9 || total
-------------------------+-------+-------+-------++-------
Melee: Short sword       |    26 |   130 |    25 ||   181
       Unarmed           |     1 |       |       ||     1
       Spear             |       |       |   196 ||   196
 Cast: Magic Dart        |    91 |    86 |    12 ||   189
       Call Imp          |     1 |    25 |    32 ||    58
       Conjure Flame     |       |     7 |     4 ||    11
       Mephitic Cloud    |       |     3 |    11 ||    14
Evoke: Wand              |       |       |     1 ||     1
  Use: Scroll            |     4 |     4 |    10 ||    18
 Stab: Sleeping          |     1 |     5 |     2 ||     8
       Confused          |       |       |     6 ||     6
  Eat: Chunk             |     3 |     6 |    10 ||    19
       Ration            |       |     1 |       ||     1
Armor: Robe              |     5 |    15 |    22 ||    42
       Ring mail         |       |       |    48 ||    48
Dodge: Dodged            |    20 |    65 |    91 ||   176
Block: Other             |     2 |    15 |    35 ||    52
